 Dungeon Sprint DCSS version 0.29-a0-668-g12ee2bf84d (webtiles) character file.

Game seed: 6504488577976831896

0 shadowstone the Skirmisher (level 1, -12/15 HPs)
             Began as a Gargoyle Fighter on June 23, 2022.
             Was a Follower of Qazlal.
             Killed from afar by Sigmund (13 damage)
             ... with a puff of flame
             ... in the Dungeon (Sprint VI: "Thunderdome").
             The game lasted 00:01:17 (102 turns).

shadowstone the Skirmisher (Gargoyle Fighter)        Turns: 102, Time: 00:01:18

Health: -12/15     AC:  9    Str: 19    XL:     1   Next: 60%
Magic:  1/1        EV:  9    Int:  8    God:    Qazlal [*.....]
Gold:   200        SH:  6    Dex:  9    Spells: 0/0 levels left

rFire   . . .      SeeInvis .   a - +0 flail
rCold   . . .      Faith    .   c - +0 buckler
rNeg    + . .      Spirit   .   b - +0 scale mail
rPois   ∞          Reflect  .   (no helmet)
rElec   +          Harm     .   (no cloak)
rCorr   .          Rampage  .   (no gloves)
Will    .....      NoTele   +   (no boots)
Stlth   ..........              (no amulet)
HPRegen 0.05/turn               (no ring)
MPRegen 0.07/turn               (no ring)

@: no status effects
A: sickness immunity, AC +2, negative energy resistance 1, electricity
resistance, torment resistance 1, petrification resistance
a: Renounce Religion


You were in the Dungeon.
You worshipped Qazlal.
Qazlal was aware of your devotion.
You visited 1 branch You collected 200 gold pieces.

Inventory:

Hand Weapons
 a - a +0 flail (weapon)
Armour
 b - a +0 scale mail (worn)
 c - a +0 buckler (worn)
Wands
 k - a wand of acid (5)
 l - a wand of iceblast (5)
Scrolls
 j - 4 scrolls of blinking
 m - 3 scrolls of fog
Potions
 d - a potion of might
 e - a potion of curing
 f - 4 potions of heal wounds
 g - 4 potions of haste
 h - 2 potions of magic
 i - a potion of berserk rage
 n - a potion of resistance


   Skills:
 + Level 3.9 Fighting
 + Level 2.2 Maces & Flails
 + Level 3.7 Armour
 + Level 3.6 Shields


You couldn't memorise any spells.
You didn't know any spells.
Your spell library was empty.

Dungeon Overview and Level Annotations

Branches:
Dungeon (1/1)

Altars:
Cheibriados
Dithmenos
Fedhas
Gozag
Kikubaaqudgha
Makhleb
Okawaru
Qazlal
Ru
Sif Muna
Trog
Uskayaw
Vehumet
Wu Jian
Xom
Yredelemnul
Zin
The Shining One
Beogh
Lugonu

Shops:
D *[??*?*:[((!!!!

Annotations:
D Sigmund


Innate Abilities, Weirdness & Mutations

You are immune to sickness and miasma.
Your stone body is resilient. (AC +2)
You are immune to poison.
You resist negative energy. (rN+)
You are resistant to electric shocks. (rElec)
You are resistant to unholy torment.
You are immune to petrification.


Message History

You are frozen.
The orc attacks as you move away! The orc hits you but does no damage.
The endoplasm freezes you.
You are frozen.
The endoplasm attacks as you move away! The endoplasm barely misses you.
You block the orc's attack. The endoplasm hits you.
* * * LOW HITPOINT WARNING * * *
You sock the endoplasm!
You kill the endoplasm!
Qazlal accepts your kill. You block the orc's attack.
The orc hits you with a +0 club.
* * * LOW HITPOINT WARNING * * *
You closely miss the orc. The orc closely misses you.
You hit the orc.
The orc is heavily wounded.
You block the orc's attack. The orc hits you but does no damage.
You closely miss the orc.
The orc is heavily wounded.
The orc hits you with a +0 club.
* * * LOW HITPOINT WARNING * * *
You sock the orc!
You kill the orc!
Qazlal accepts your kill.
You are now surrounded by a storm.
You see here a +0 club.
You start resting.
Sigmund the Dreaded comes into view.
He is wielding a +0 scythe and wearing a +0 robe of positive energy.
Sigmund is nearby!
Sigmund is nearby!
Sigmund is nearby!
Sigmund is nearby!
Sigmund is nearby!
Sigmund is nearby!
Sigmund is nearby!
Sigmund is nearby!
Sigmund laughs darkly.
Sigmund casts a spell at you. The puff of flame hits you!
Ouch! That really hurt!
You die...

..........###...###..........⌠
..........# #.<.# #..........⌠
......@...###...###..........⌠
.............###.............#
##∩........8.# #.8........∩###
##∩.._......###......___∩##
######.8.........8.######
#⌠...☼.......⌠#
###...@.....### #_......._#
#_........# #_......._#
#∩.......∩# ##∩.....∩##
##.....## ##⌠⌠⌠## ####


You could see Sigmund.

Vanquished Creatures
  An orc (D)
  An endoplasm (D)
  A kobold (D)
3 creatures vanquished.

Notes
Turn   | Place    | Note
-------+----------+-------------------------------------------
     0 | D        | shadowstone the Gargoyle Fighter began the quest for the
                  | Orb.
     0 | D        | Reached XP level 1. HP: 14/14 MP: 1/1
     1 | D        | Found a sacrificial altar of Ru.
     1 | D        | Found a basalt altar of Yredelemnul.
     2 | D        | Found an opulent altar of Gozag.
     3 | D        | Found a hide-covered altar of Uskayaw.
     3 | D        | Found a bloodstained altar of Trog.
     4 | D        | Found a shadowy altar of Dithmenos.
     4 | D        | Found a shimmering altar of Xom.
     4 | D        | Found Osucuuwo's Weapon Rack.
     4 | D        | Found Tyoma's Premium Goods.
     5 | D        | Found Koedycvaum's Basic Armour.
     5 | D        | Found Roxidghasch's Miscellaneous Merchandise.
     5 | D        | Round 1.
    17 | D        | Found a blossoming altar of Fedhas.
    20 | D        | Found Buahakh's Do-It-Yourself Clinic.
    21 | D        | Found Ehive's Bottled Wisdom.
    21 | D        | Found Romy's Distillery.
    26 | D        | Found an ancient bone altar of Kikubaaqudgha.
    26 | D        | Found a glowing silver altar of Zin.
    26 | D        | Found a radiant altar of Vehumet.
    26 | D        | Found Joologoi's Distillery.
    30 | D        | Found a burning altar of Makhleb.
    37 | D        | Found a glowing golden altar of the Shining One.
    37 | D        | Found Rulue's Staff Store.
    39 | D        | Found Niaz's Must-Have Magic.
    39 | D        | Found Zizyonab's Magic Scroll Shop.
    44 | D        | Found a stormy altar of Qazlal.
    44 | D        | Found a snail-covered altar of Cheibriados.
    44 | D        | Found a shimmering blue altar of Sif Muna.
    44 | D        | Found Giyxzoi's Magic Scroll Shop.
    52 | D        | Became a worshipper of Qazlal Stormbringer
    56 | D        | Found a corrupted altar of Lugonu.
    66 | D        | Found an ornate altar of the Wu Jian Council.
    68 | D        | Found Gonayx's Jewellery.
    68 | D        | Found Oxaijul's Advanced Armour.
    69 | D        | Found an iron altar of Okawaru.
    69 | D        | Found Neur's Identification Station.
    93 | D        | Reached * piety under Qazlal
   101 | D        | Noticed Sigmund
   102 | D        | Killed from afar by Sigmund

Illustrated notes

Levels and vault maps discovered:
D:        arena_sprint

Action                   || total
-------------------------++-------
Melee: Flail             ||     9
Armor: Scale mail        ||    11
Dodge: Dodged            ||     6
Block: Buckler           ||     3

Table legend: (Time is in decaauts)
 A = Elapsed time spent in this place.
 B = Non-inter-level travel time spent in this place.
 C = Inter-level travel time spent in this place.
 D = Time resting spent in this place.
 E = Time spent auto-exploring this place.
 F = Levels seen in this place.
 G = Mean time per level.
                   A        B        C        D        E       F      G
               +--------+--------+--------+--------+--------+-----+--------+
         Total |    104 |    101 |      3 |      6 |      0 |   1 |  104.0 |
       Dungeon |    104 |    101 |      3 |      6 |      0 |   1 |  104.0 |
               +--------+--------+--------+--------+--------+-----+--------+

Top non-repeatable levels by time:
       D: 104 daAuts
